 Dungeon Crawl Stone Soup version 0.24-a0-584-g9d6b971ae4 (webtiles) character file.

Game seed: 12845497864669803328, levelgen mode: deterministic

12929 GameOver the Black Sun (level 12, -5/88 HPs)
             Began as a Naga Wizard on Aug 29, 2019.
             Was a High Priest of Kikubaaqudgha.
             Slain by a skeletal warrior
             ... wielding a +0 flail of venom
             ... led by a skeletal warrior
              (20 damage)
             ... on level 11 of the Dungeon.
             The game lasted 01:25:07 (9116 turns).

GameOver the Black Sun (Naga Wizard)                Turns: 9116, Time: 01:25:08

Health: -5/88      AC: 19    Str:  9    XL:     12   Next: 0%
Magic:  0/24       EV:  8    Int: 30    God:    Kikubaaqudgha [*****.]
Gold:   581        SH:  0    Dex: 10    Spells: 7/28 levels left

rFire    . . .     SeeInvis +   w - +0 quarterstaff
rCold    + . .     Gourm    .   (shield currently unavailable)
rNeg     . . .     Faith    .   a - +2 robe {rC+}
rPois    +         Spirit   .   b - +1 hat {Int+3}
rElec    .         Reflect  .   y - +1 cloak
rCorr    .         Harm     .   F - +0 pair of gloves
MR       +....                  V - +0 naga barding
Stlth    +++.......             (no amulet)
HPRegen  0.24/turn              p - +4 ring of protection
MPRegen  0.19/turn              J - +3 ring of intelligence

@: lethally poisoned (-5 -> -8), very slow
A: large, see invisible, deformed body, poison resistance, slowness 2, slow
metabolism 1, spit poison 1, AC +4
a: Spit Poison, Receive Corpses, Torment, Renounce Religion


You were on level 11 of the Dungeon.
You worshipped Kikubaaqudgha.
Kikubaaqudgha was extremely pleased with you.
You were hungry.

You visited 1 branch of the dungeon, and saw 11 of its levels.

You collected 581 gold pieces.

Inventory:

Hand Weapons
 c - a +0 club
 q - a +2 shortbow of velocity
 s - a +0 trident
 w - a +0 quarterstaff (weapon)
 U - a +2 spear of piercing
 W - a +0 scimitar
Missiles
 j - 206 arrows
 k - 4 javelins (quivered)
 N - 75 bolts
Armour
 a - a +2 robe of cold resistance (worn)
 b - a +1 hat of intelligence (worn)
 y - a +1 cloak (worn)
 F - a +0 pair of gloves (worn)
 V - a +0 naga barding (worn)
Jewellery
 p - a +4 ring of protection (left hand)
 C - an uncursed ring of resist corrosion
 J - a +3 ring of intelligence (right hand)
 S - an uncursed ring of protection from cold
Wands
 E - a wand of digging (5)
Scrolls
 g - 4 scrolls of amnesia
 h - 3 scrolls of enchant armour
 m - 3 scrolls of magic mapping {unknown}
 n - a scroll of remove curse
 o - a scroll of random uselessness {unknown}
 u - 2 scrolls of enchant weapon
 v - 2 scrolls of teleportation
 x - a scroll of fear {unknown}
 B - a scroll of immolation {unknown}
 G - a scroll of blinking {unknown}
 H - 2 scrolls of noise {unknown}
 K - a scroll of fog {unknown}
 L - 3 scrolls of summoning
Potions
 e - a potion of agility
 f - a potion of invisibility
 l - a potion of ambrosia
 r - 2 potions of haste
 t - 3 potions of mutation
 z - 3 potions of heal wounds
 A - a potion of magic
 M - a potion of berserk rage
 Q - a potion of curing {unknown}
Comestibles
 d - 19 rations
 I - 6 chunks of flesh


   Skills:
 - Level 4.0 Bows
 - Level 1.5 Dodging
 - Level 6.0 Stealth
 + Level 8.5 Spellcasting
 - Level 6.0 Conjurations
 - Level 9.0 Charms
   Level 1.0 Summonings
 + Level 9.5 Necromancy
 - Level 3.1 Translocations
 - Level 3.0 Fire Magic
 - Level 6.2 Poison Magic


You had 7 spell levels left.
You knew the following spells:

 Your Spells              Type           Power        Failure   Level  Hunger
b - Blink                 Tloc           N/A          1%          2    None
c - Dispel Undead         Necr           ######..     2%          5    ####...
d - Mephitic Cloud        Conj/Pois/Air  #####...     2%          3    None
f - Conjure Flame         Conj/Fire      #####...     1%          3    None
x - Regeneration          Chrm/Necr      ######....   1%          3    None
X - Excruciating Wounds   Chrm/Necr      ######....   2%          5    ####...

Your spell library contained the following spells:

 Spells                   Type           Power        Failure   Level  Hunger
 Animate Skeleton         Necr           N/A          1%          1    None
 Magic Dart               Conj           ####         1%          1    None
 Pain                     Necr           ####         1%          1    None
 Sublimation of Blood     Necr           ######....   1%          2    None
 Vampiric Draining        Necr           ######....   1%          3    None
 Animate Dead             Necr           N/A          1%          4    None
 Call Imp                 Summ           ###.....     4%          2    None
 Slow                     Hex            ##......     6%          2    None
 Death Channel            Necr           ######....   12%         6    #####..
 Borgnjor's Vile Clutch   Necr/Erth      #####.....   16%         5    ####...


Dungeon Overview and Level Annotations

Branches:
Dungeon (11/15)            Temple (0/1) D:5            Lair (0/6) D:11
    Orc (0/2) D:10

Altars:
Ashenzari
Cheibriados
Dithmenos
Elyvilon
Fedhas
Gozag
Hepliaklqana
Kikubaaqudgha
Nemelex Xobeh
Okawaru
Ru
Sif Muna
Trog
Uskayaw
Vehumet
Xom
The Shining One

Shops:
D:10 (


Innate Abilities, Weirdness & Mutations

You cannot wear boots.
Your serpentine skin is tough. (AC +4)
You have supernaturally acute eyesight. (SInv)
Armour fits poorly on your strangely shaped body.
Your system is resistant to poisons. (rPois)
You cover ground very slowly.
You have a slow metabolism.
You can spit poison.


Message History

Your +2 robe of cold resistance melds into your body.
You feel stupid.
You feel less resistant to cold.
Your roots penetrate the ground.
It was a potion of cancellation.
Your magical effects are unravelling.
You feel magically purged.
You feel less wooden.
Your +1 cloak unmelds from your body.
Your +1 hat of intelligence unmelds from your body.
Your +0 pair of gloves unmelds from your body.
Your +0 naga barding unmelds from your body.
Your +2 robe of cold resistance unmelds from your body.
You feel clever.
You feel resistant to cold.
You feel a little less mighty now.
You feel a little less clever now.
You feel a little less agile now.
You feel sick.
The skeletal warrior hits you with a +0 flail of venom!!
You die...
Kikubaaqudgha rasps: "You have failed me!
Welcome... death!"

....#......#..#
....#......#..######
....########.......#
###................#
..#................#
..#.............####
..#.............#
..#.....######..###
..'.....#....'.z@.#
###(....#...)#)...#
......###... ##...#
##....#.... #...#
#....#... #...#
#....###### #....
#.......... .....#
#.......... .....#
#..........


You could see a skeletal warrior.

Vanquished Creatures
  A two-headed ogre (D:10)
  Nergalle (D:11)
  3 skeletal warriors (D:11)
  An unseen horror (D:10)
  The ghost of wazuzu the Basher, a novice GrFi of Makhleb (D:7)
  A manticore (D:11)
  2 ugly things (D:11)
  A troll (D:11)
  A merfolk (D:9)
  The ghost of Killmatronix the Caller, an amateur MiSu (D:4)
  2 hippogriffs
  12 yaks
  A hungry ghost (D:11)
  A water moccasin (D:8)
  2 ice beasts
  4 orc warriors
  An eye of draining (D:11)
  2 sky beasts (D:5)
  10 ogres
  A phantom (D:4)
  7 centaurs
  2 big kobolds
  A gnoll sergeant (D:11)
  5 bullfrogs
  2 scorpions
  6 killer bees
  A wight (D:4)
  5 howler monkeys
  7 crimson imps
  A bullfrog zombie (D:11)
  2 jellies
  10 hounds
  3 centaur skeletons
  6 orc priests
  An orc wizard (D:9)
  A bullfrog skeleton (D:11)
  6 worker ants
  An iguana (D:10)
  Ijyb (D:4)
  A hound zombie (D:11)
  4 hound skeletons
  8 gnolls
  11 adders
  3 shadow imps
  4 oozes
  An adder zombie (D:5)
  3 adder skeletons
  6 worms
  5 dart slugs
  5 leopard geckos
  32 orcs
  4 giant cockroaches
  7 hobgoblins
  11 jackals
  3 quokkas
  A ball python (D:3)
  A ball python skeleton (D:5)
  12 bats
  8 frilled lizards
  5 goblins
  13 kobolds
  A leopard gecko skeleton (D:4)
  A quokka skeleton (D:5)
  7 rats
274 creatures vanquished.

Vanquished Creatures (others)
  A killer bee (D:11)
1 creature vanquished.

Grand Total: 275 creatures vanquished

Notes
Turn   | Place    | Note
-------+----------+-------------------------------------------
     0 | D:1      | GameOver the Naga Wizard began the quest for the Orb.
     0 | D:1      | Reached XP level 1. HP: 15/15 MP: 4/4
   178 | D:1      | Reached XP level 2. HP: 22/22 MP: 6/6
   669 | D:1      | Reached XP level 3. HP: 15/28 MP: 1/7
   676 | D:1      | Learned a level 2 spell: Blink
   680 | D:1      | Learned a level 3 spell: Mephitic Cloud
   851 | D:2      | Found a shattered altar of Ashenzari.
   908 | D:2      | Found a shimmering altar of Xom.
  1073 | D:2      | Reached XP level 4. HP: 33/36 MP: 3/8
  1458 | D:2      | Found an ancient bone altar of Kikubaaqudgha.
  1466 | D:2      | Became a worshipper of Kikubaaqudgha
  1857 | D:3      | Reached XP level 5. HP: 42/42 MP: 9/9
  1983 | D:3      | Learned a level 3 spell: Conjure Flame
  1987 | D:3      | Reached * piety under Kikubaaqudgha
  1987 | D:3      | Identified Kikubaaqudgha's Reference Book on Unholy Rites
                  | (Kikubaaqudgha gifted it to you on level 3 of the Dungeon)
  1987 | D:3      | Received a gift from Kikubaaqudgha
  2242 | D:4      | Reached skill level 5 in Conjurations
  2308 | D:4      | Reached XP level 6. HP: 4/49 MP: 7/10
  2543 | D:4      | Noticed a phantom
  2576 | D:4      | Killed a phantom
  2576 | D:4      | Reached skill level 1 in Poison Magic
  2630 | D:4      | Found a glowing golden altar of the Shining One.
  2630 | D:4      | Noticed Ijyb
  2639 | D:4      | Killed Ijyb
  2645 | D:4      | Reached skill level 1 in Necromancy
  2645 | D:4      | Reached XP level 7. HP: 41/55 MP: 5/11
  2769 | D:4      | Found a runed translucent gate.
  2769 | D:4      | Found a runed translucent gate.
  2769 | D:4      | Found a runed translucent gate.
  2769 | D:4      | Noticed Killmatronix's ghost (amateur MiSu)
  3227 | D:4      | Reached skill level 1 in Fire Magic
  3294 | D:4      | Killed Killmatronix's ghost
  3360 | D:5      | Entered Level 5 of the Dungeon
  3371 | D:5      | Found a shimmering blue altar of Sif Muna.
  3372 | D:5      | Found a snail-covered altar of Cheibriados.
  3379 | D:5      | Found a white marble altar of Elyvilon.
  3394 | D:5      | Reached XP level 8. HP: 54/62 MP: 8/13
  3410 | D:5      | Found a sparkling altar of Nemelex Xobeh.
  3410 | D:5      | Found an opulent altar of Gozag.
  3477 | D:5      | Reached skill level 5 in Stealth
  3557 | D:5      | Found a sacrificial altar of Ru.
  3565 | D:5      | Found a staircase to the Ecumenical Temple.
  3570 | D:5      | Reached ** piety under Kikubaaqudgha
  3588 | D:5      | Reached skill level 5 in Poison Magic
  4325 | D:6      | Reached XP level 9. HP: 68/68 MP: 12/15
  4602 | D:6      | Found a hazy altar of Hepliaklqana.
  4623 | D:6      | Found a shadowy altar of Dithmenos.
  4631 | D:6      | Reached skill level 5 in Spellcasting
  4713 | D:6      | Found a blossoming altar of Fedhas.
  4951 | D:7      | Reached *** piety under Kikubaaqudgha
  4951 | D:7      | Identified Kikubaaqudgha's Catalogue of Stolen Souls
                  | (Kikubaaqudgha gifted it to you on level 7 of the Dungeon)
  4951 | D:7      | Received a gift from Kikubaaqudgha
  4973 | D:7      | Learned a level 3 spell: Regeneration
  5207 | D:7      | Reached skill level 1 in Charms
  5451 | D:7      | Found a runed translucent door.
  5459 | D:7      | Noticed wazuzu's ghost (novice GrFi)
  5484 | D:7      | Killed wazuzu's ghost
  5484 | D:7      | Reached skill level 5 in Necromancy
  5667 | D:7      | Found a radiant altar of Vehumet.
  5678 | D:7      | Found a hide-covered altar of Uskayaw.
  5956 | D:8      | Reached XP level 10. HP: 71/75 MP: 15/19
  6087 | D:8      | Found an iron altar of Okawaru.
  6390 | D:9      | Found a bloodstained altar of Trog.
  6435 | D:9      | Learned a level 5 spell: Dispel Undead
  6441 | D:9      | Learned a level 5 spell: Excruciating Wounds
  6543 | D:9      | Reached skill level 5 in Charms
  6639 | D:9      | Reached skill level 1 in Bows
  6661 | D:9      | Reached **** piety under Kikubaaqudgha
  7339 | D:10     | Entered Level 10 of the Dungeon
  7405 | D:10     | Found Muless's Antique Weapon Shoppe.
  7405 | D:10     | Found a staircase to the Orcish Mines.
  7763 | D:10     | Noticed an unseen horror
  7772 | D:10     | Killed an unseen horror
  8013 | D:11     | Noticed a two-headed ogre
  8039 | D:10     | Killed a two-headed ogre
  8039 | D:10     | Reached XP level 11. HP: 81/81 MP: 6/21
  8095 | D:11     | Found a staircase to the Lair.
  8409 | D:11     | Reached ***** piety under Kikubaaqudgha
  8501 | D:11     | Noticed a manticore
  8512 | D:11     | Killed a manticore
  8567 | D:11     | Noticed a cyan ugly thing
  8580 | D:11     | Killed a cyan ugly thing
  8717 | D:11     | Noticed Nergalle
  8746 | D:11     | Killed Nergalle
  8896 | D:11     | Noticed a green ugly thing
  8905 | D:11     | Killed a green ugly thing
  9088 | D:11     | Noticed a skeletal warrior
  9088 | D:11     | Noticed a skeletal warrior
  9089 | D:11     | Noticed a skeletal warrior
  9089 | D:11     | Noticed a skeletal warrior
  9093 | D:11     | Killed a skeletal warrior
  9097 | D:11     | Killed a skeletal warrior
  9109 | D:11     | Killed a skeletal warrior
  9109 | D:11     | Reached XP level 12. HP: 31/88 MP: 0/24
  9116 | D:11     | Slain by a skeletal warrior

Levels and vault maps discovered:
D:1:      giann_wishing_wells, layout_basic, chequers_jeans
D:2:      layout_loops_cross, lemuel_coloured_pillars_altar,
          lemuel_crystal_altar, ashenzari_conservatory_becter,
          minmay_pentomino_u4
D:3:      layout_loops_ring, minmay_quantized
D:4:      layout_loops_ring, overflow_temple_1_default, gammafunk_ghost_split,
          grunt_ministairs_12, uniq_ijyb
D:5:      layout_cave_pools, grunt_temple_overflow_opulence,
          kennysheep_mini_moat, grunt_temple_overflow_open,
          minmay_temple_entry_proselytizer, first_ration
D:6:      layout_loops_ring, fedhas_altar_2,
          nicolae_dithmenos_through_a_glass_darkly, kennysheep_mini
D:7:      layout_gridville, amethyst_overflow_temple_binary,
          gammafunk_ghost_grave
D:8:      layout_gridville, lemuel_crystal_altar
D:9:      layout_gridville, hangedman_fish_farm, bloody_trog
D:10:     layout_roguey, serial_shops, nicolae_shop_statue_plus
D:11:     layout_irregular_city, lair_entry_dummy, uniq_nergalle

Skill      XL: |  1  2  3  4  5  6  7  8  9 10 11 |
---------------+----------------------------------+-----
Conjurations   | 2 3 4 5 6 |  6.0
Poison Magic   | 2 4 6 |  6.2
Necromancy     | 1 2 3 6 8 9 |  9.5
Stealth        | 4 6 |  6.0
Fire Magic     | 2 3 |  3.0
Translocations | 2 3 |  3.1
Spellcasting   | 4 6 7 8 |  8.5
Charms         | 4 7 9 |  9.0
Bows           | 3 4 |  4.0
Dodging        | |  1.5
Summonings     | |  1.0

Action                   |  1- 3 |  4- 6 |  7- 9 | 10-12 || total
-------------------------+-------+-------+-------+-------++-------
Melee: Club              |     1 |       |       |       ||     1
       Short sword       |     3 |       |    49 |       ||    52
       Spear             |     1 |    12 |       |       ||    13
       Rapier            |       |    54 |   120 |       ||   174
       Trident           |       |       |    64 |       ||    64
       Scimitar          |       |       |    63 |       ||    63
       Quarterstaff      |       |       |     8 |   151 ||   159
 Fire: Shortbow          |       |       |    56 |   262 ||   318
 Cast: Magic Dart        |    39 |    63 |    70 |       ||   172
       Mephitic Cloud    |       |     4 |    22 |    57 ||    83
       Conjure Flame     |       |     2 |    10 |    17 ||    29
       Blink             |       |       |     4 |     8 ||    12
       Regeneration      |       |       |     4 |     6 ||    10
       Dispel Undead     |       |       |       |     4 ||     4
       Excruciating Woun |       |       |       |     4 ||     4
 Abil: Spit Poison       |    33 |    57 |    72 |    86 ||   248
  Use: Potion            |       |     3 |     4 |     7 ||    14
       Scroll            |       |       |     2 |     9 ||    11
 Stab: Sleeping          |       |     1 |     3 |       ||     4
       Confused          |       |     1 |    10 |     5 ||    16
  Eat: Chunk             |     2 |     8 |    15 |    16 ||    41
Armor: Robe              |     3 |    19 |   125 |    95 ||   242
Dodge: Dodged            |    15 |    40 |   152 |    96 ||   303
       Rpst.: Scimitar   |       |       |    18 |       ||    18

Table legend:
 A = Non-vault XP
 B = Vault XP
 C = Vault XP percentage of total XP
 D = Non-vault monster count
 E = Vault monster count
 F = Vault count percentage of total count
                 A         B        C        D         E       F
            +---------+---------+-------+---------+---------+-------
      Total |   16155 |    2316 |  12.5 |     259 |      16 |   5.8
            +---------+---------+-------+---------+---------+-------
        D:1 |      45 |       0 |   0.0 |      22 |       0 |   0.0
        D:2 |      75 |       5 |   6.2 |      19 |       2 |   9.5
        D:3 |      67 |       6 |   8.2 |      23 |       3 |  11.5
        D:4 |     480 |     484 |  50.2 |      27 |       7 |  20.6
        D:5 |     824 |      41 |   4.7 |      27 |       1 |   3.6
        D:6 |     648 |       0 |   0.0 |      16 |       0 |   0.0
        D:7 |     816 |     671 |  45.1 |      19 |       1 |   5.0
        D:8 |     805 |       0 |   0.0 |      14 |       0 |   0.0
        D:9 |    2691 |     309 |  10.3 |      34 |       1 |   2.9
       D:10 |    2114 |       0 |   0.0 |      12 |       0 |   0.0
       D:11 |    7590 |     800 |   9.5 |      46 |       1 |   2.1
            +---------+---------+-------+---------+---------+-------
